Map: Acropolis LE

Players

DashDance - Winner!

  • Race: Terran Terran
  • League: Diamond
  • Spawn Location: 11:00

klaxx

  • Race: Protoss Protoss
  • League: Platinum
  • Spawn Location: 5:00

VOD

Have the link to the VOD?

Description

Time

  • Played on: Aug. 19, 2019, 10:24 p.m.
  • Length: 15:28
Show
View Real Time Build Order
Export as new Build Order

DashDance Terran - Winner!

Build Orders: Reaper Expand 

Get SALT Encoding   

  12  0:00  SCV  
  13  0:12  SCV  
  14  0:17  Supply Depot  
  14  0:24  SCV  
  15  0:38  SCV  
  15  0:40  Barracks  
  16  0:44  Refinery  
  16  0:50  SCV  
  17  1:03  SCV  
  18  1:16  SCV  
  19  1:28  Orbital Command  
  19  1:29  Reaper  
  20  1:44  Command Center  
  20  1:54  SCV  
  21  1:59  Barracks  
  21  2:06  Supply Depot  
  21  2:10  Barracks Reactor  
  21  2:13  SCV  
  22  2:25  SCV  
  23  2:34  Factory  
  23  2:37  SCV  
  23  2:38  Refinery  
  24  2:50  SCV  
  25  2:56  Barracks Reactor  
  25  3:00  Barracks Tech Lab  
  25  3:02  SCV  
  25  3:05  Orbital Command  
  26  3:08  Engineering Bay  
  26  3:14  SCV  
  26  3:19  Factory Tech Lab, Marine x2  
  28  3:21  Marine, Stimpack  
  27  3:31  SCV  
  24  4:02  Missile Turret, SCV  
  25  4:07  SCV  
  26  4:14  SCV  
  27  4:18  Cyclone  
  27  4:22  SCV  
  31  4:26  SCV  
  32  4:34  SCV, Marine x2  
  32  4:35  Marine  
  37  4:38  SCV  
  36  4:46  SCV  
  36  4:50  SCV  
  36  4:52  Marine  
  38  4:55  Starport  
  38  4:58  SCV, Supply Depot  
  40  5:01  Missile Turret  
  40  5:02  SCV  
  40  5:04  Cyclone  
  44  5:14  Marine  
  44  5:15  Marine  
  44  5:19  Marine  
  44  5:20  SCV x2  
  49  5:23  Supply Depot  
  49  5:32  SCV x2, Marine  
  49  5:34  Marine  
  49  5:35  Refinery  
  53  5:37  Marine  
  53  5:39  Combat Shield  
  53  5:41  Terran Infantry Weapons Level 1  
  54  5:45  SCV  
  54  5:47  Cyclone  
  58  5:59  SCV x2  
  58  6:03  Marine  
  58  6:04  Marine  
  62  6:06  Missile Turret, Starport Reactor  
  62  6:08  Missile Turret  
  62  6:10  Supply Depot  
  62  6:12  Supply Depot  
  62  6:13  SCV, Marine  
  43  6:43  Marine x3  
  43  6:45  Cyclone  
  43  6:46  Viking x2  
  38  7:01  Marine x3  
  38  7:04  Missile Turret x2, SCV x2  
  36  7:16  SCV  
  36  7:19  Marine x2  
  37  7:28  Marine  
  34  7:31  SCV  
  34  7:37  Marine x2  
  35  7:43  SCV  
  38  8:00  Marine x2  
  38  8:03  Marine  
  41  8:11  Command Center  
  41  8:13  Viking  
  41  8:17  Viking  
  45  8:32  Marine x3  
  48  8:38  Terran Infantry Armor Level 1  
  48  8:47  Viking  
  50  8:50  Marine x2  
  50  8:51  Marine  
  53  9:07  SCV, Marine  
  53  9:09  Reaper  
  56  9:16  Marine  
  57  9:25  Marine  
  46  9:34  Marine  
  47  9:40  SCV  
  47  9:41  Orbital Command, Marine  
  49  9:46  Viking  
  49  9:52  SCV  
  52  9:59  Missile Turret  
  52  10:03  Missile Turret  
  52  10:04  SCV  
  53  10:14  SCV  
  53  10:16  SCV  
  53  10:20  Missile Turret  
  55  10:26  Missile Turret  
  55  10:32  SCV  
  55  10:33  SCV  
  55  10:34  Marine x2  
  55  10:35  Marine  
  60  10:47  Viking x2  
  65  10:50  Widow Mine  
  65  10:55  SCV x2  
  67  10:59  Marine  
  68  11:07  SCV x2  
  70  11:19  SCV  
  70  11:20  SCV, Marine  
  70  11:21  Marine x2  
  75  11:25  Viking  
  75  11:31  SCV  
  78  11:41  Refinery  
  78  11:42  Refinery  
  78  12:13  Marine  
  78  12:16  Supply Depot  
  78  12:17  Supply Depot  
  78  12:26  Command Center  
  78  12:37  SCV, Marine x3, Viking x2  
  86  12:50  Missile Turret  
  86  12:52  Missile Turret x2  
  86  12:53  Missile Turret  
  86  12:55  Marine  
  86  12:56  SCV x2  
  89  13:06  Missile Turret x2  
  89  13:07  Missile Turret  
  89  13:09  Missile Turret  
  89  13:30  SCV x2  
  91  13:35  Marine x3  
  92  13:53  Marine x2  
  94  13:58  Marine  
  89  14:11  Marine x2  
  87  14:20  Marine  
  87  14:23  Siege Tank  
  90  14:24  Viking x2  
  90  14:29  Marine x2  
  90  14:30  Barracks x2  
  96  14:31  Barracks  
  96  14:37  SCV x2  
  98  14:41  Refinery, SCV  
  98  14:42  Refinery  
  99  14:49  SCV  
  100  14:56  Marine x3  
Show
View Real Time Build Order
Export as new Build Order

klaxx Protoss 

Build Orders:  

Get SALT Encoding   

  1  0:00  Probe  
  13  0:07  Probe  
  14  0:17  Assimilator  
  14  0:18  Probe  
  15  0:28  Assimilator  
  15  0:42  Pylon  
  15  0:47  Pylon  
  15  0:58  Probe  
  16  1:05  Gateway  
  16  1:07  Probe  
  17  1:15  Probe  
  18  1:26  Probe  
  19  1:38  Probe  
  20  1:50  Probe  
  20  1:52  Zealot  
  23  2:02  Probe  
  23  2:04  Cybernetics Core  
  24  2:14  Probe  
  25  2:20  Assimilator, Pylon  
  24  2:26  Probe  
  25  2:51  Stargate  
  25  2:53  Stargate  
  25  3:00  Probe  
  26  3:08  Probe  
  27  3:16  Protoss Air Weapons Level 1  
  27  3:18  Probe  
  28  3:30  Probe  
  29  3:35  Void Ray  
  29  3:45  Void Ray  
  35  4:14  Void Ray  
  35  4:20  Pylon  
  39  4:34  Nexus  
  39  4:48  Void Ray  
  43  4:57  Void Ray  
  47  5:10  Pylon  
  47  5:12  Assimilator  
  47  5:21  Void Ray  
  51  5:40  Void Ray  
  55  5:53  Probe  
  56  6:02  Protoss Air Armor Level 1  
  56  6:05  Probe  
  56  6:08  Void Ray  
  49  6:58  Void Ray x2  
  45  7:31  Void Ray x2  
  49  7:50  Stargate  
  49  7:51  Probe  
  50  7:59  Probe  
  50  8:04  Probe  
  50  8:05  Assimilator  
  52  8:08  Probe  
  53  8:14  Void Ray  
  53  8:16  Probe  
  58  8:20  Probe  
  58  8:21  Void Ray  
  63  8:28  Probe  
  63  8:33  Probe  
  65  8:35  Void Ray  
  69  8:50  Forge  
  69  8:53  Probe  
  70  9:07  Pylon  
  70  9:24  Void Ray  
  70  9:25  Probe  
  59  9:34  Void Ray x2  
  59  9:37  Probe  
  60  10:03  Protoss Shields Level 1  
  60  10:07  Void Ray  
  64  10:20  Void Ray  
  68  10:27  Void Ray  
  60  10:56  Robotics Facility  
  60  10:57  Probe  
  61  11:09  Probe  
  61  11:13  Sentry  
  62  11:21  Nexus, Probe  
  62  11:28  Probe  
  63  11:34  Probe  
  64  11:40  Probe  
  65  11:48  Robotics Bay  
  65  11:52  Probe  
  63  12:04  Probe  
  63  12:12  Probe  
  62  12:16  Probe  
  63  12:23  Void Ray x3  
  63  12:24  Probe  
  63  12:28  Colossus  
  76  12:31  Protoss Ground Weapons Level 1  
  76  12:36  Probe  
  83  12:48  Probe  
  83  12:49  Probe  
  84  12:58  Probe  
  85  13:01  Probe  
  87  13:07  Probe  
  82  13:16  Void Ray  
  82  13:19  Probe  
  78  13:22  Colossus  
  81  13:31  Probe  
  49  14:13  Void Ray  
  49  14:15  Colossus  
  57  14:35  Void Ray  
  51  15:01  Assimilator  
Tags
 
Add a new tag
Caveats
  • Supply blocks, unpowered buildings, or Contaminate may cause inaccurate times.
  • Supply counts are checked every 10 seconds.